 Dungeon Crawl Stone Soup version 0.29-a0-757-g358383bc75 (webtiles) character file.

Game seed: 16501167770483684248

1558 zeratav the Ruffian (level 8, 0/78 (80) HPs)
             Began as a Troll Fighter on July 1, 2022.
             Slain by a killer bee (4 damage)
             ... in the Ecumenical Temple.
             The game lasted 00:06:04 (4819 turns).

zeratav the Ruffian (Troll Fighter)                 Turns: 4819, Time: 00:06:05

HP:   0/78 (80)     AC:  4    Str: 27    XL:     8   Next: 58%
MP:   7/7           EV: 16    Int:  4    God:
Gold: 276           SH:  8    Dex:  9    Spells: 7/7 levels left

rFire   . . .      SeeInvis .     - Unarmed
rCold   . . .      Faith    .   b - +0 kite shield
rNeg    . . .      Spirit   .   a - +0 robe
rPois   .          Reflect  .   (helmet restricted)
rElec   .          Harm     .   (no cloak)
rCorr   .          Rampage  .   (gloves unavailable)
Will    .....                   (boots unavailable)
Stlth   +.........              (no amulet)
HPRegen 1.03/turn               n - +4 ring of evasion
MPRegen 0.10/turn               x - +4 ring of evasion

@: mighty, lethally poisoned (0 -> -6), lightly drained
A: large, unfitting armour, claws 3, regeneration 1, shaggy fur 1, tough skin 1
a: no special abilities


You were in the Ecumenical Temple.
You visited 2 branches of the dungeon, and saw 8 of its levels.

You collected 315 gold pieces.
You spent 39 gold pieces at shops.


Innate Abilities, Weirdness & Mutations

You are too large for most types of armour.
You have claws for hands.
Your natural rate of healing is unusually fast.
You are covered in fur. (AC +1)
You have tough skin. (AC +1)


   Skills:
 + Level 5.0 Fighting
 + Level 4.6 Throwing
 - Level 2.4 Dodging
 + Level 5.5 Shields
 + Level 6.0 Unarmed Combat


You had 7 spell levels left.
You didn't know any spells.
Your spell library contained the following spells:

 Spells                   Type           Power      Damage    Failure   Level
 Foxfire                  Conj/Fire      0%         2x1d4     77%         1
 Conjure Flame            Conj/Fire      0%         6-21      98%         3
 Gell's Gravitas          Tloc           0%         N/A       98%         3
 Inner Flame              Hex/Fire       0%         N/A       98%         3
 Lesser Beckoning         Tloc           0%         N/A       98%         3
 Teleport Other           Tloc           0%         N/A       98%         3
 Flame Wave               Conj/Fire      0%         2d4       100%        4

Inventory:

Armour
 a - a +0 robe (worn)
 b - a +0 kite shield (worn)
Jewellery
 n - a +4 ring of evasion (left claw)
   (You found it on level 2 of the Dungeon)
 x - a +4 ring of evasion (right claw)
   (You found it on level 4 of the Dungeon)
Wands
 B - a wand of mindburst (18)
   (You found it on level 6 of the Dungeon)
Scrolls
 d - 6 scrolls of identify {unknown}
 e - 2 scrolls of poison {unknown}
 f - 2 scrolls of amnesia {unknown}
 g - 3 scrolls of vulnerability {unknown}
 i - 3 scrolls of fear {unknown}
 k - 2 scrolls of fog {unknown}
 l - 6 scrolls of teleportation {unknown}
 m - a scroll of acquirement {unknown}
 u - a scroll of immolation {unknown}
 v - a scroll of silence {unknown}
 w - a scroll of enchant armour {unknown}
 y - a scroll of enchant weapon {unknown}
 z - a scroll of summoning {unknown}
 A - a scroll of noise {unknown}
Potions
 h - 4 potions of lignification {unknown}
 j - 3 potions of curing {@q1}
 o - 4 potions of cancellation {unknown}
 p - 2 potions of resistance {unknown}
 q - a potion of brilliance {unknown}
 r - 2 potions of mutation {unknown}
 s - a potion of haste {unknown}
 t - a potion of heal wounds {unknown}

Dungeon Overview and Level Annotations

Branches:
Dungeon (7/15) Zot: 26844  Temple (1/1) D:7 Zot: 5991

Altars:
Ashenzari
Dithmenos
Elyvilon
Fedhas
Gozag
Hepliaklqana
Kikubaaqudgha
Makhleb
Okawaru
Qazlal
Ru
Sif Muna
Trog
Uskayaw
Vehumet
Wu Jian
Xom
Yredelemnul
Zin
The Shining One

Shops:
D:1

! #########
##_._._.8##
##.........##
##_..≈≈.≈≈.._##
#...≈≈≈.≈≈≈...#
#_.≈≈.....≈≈._#
#..≈≈..yy.≈≈..#
#8....S@....._#
#..≈≈...z.≈≈..#
#_.≈≈.....≈≈._#
#...≈≈≈.≈≈≈...#
##_..≈≈.≈≈.._##
##.........##
##_._._.8##
#########


You could see a water moccasin, 2 killer bees and a wight.


Message History

The killer bee buzzes angrily.
HP[+1]
A jelly comes into view.
A killer bee comes into view.
The jelly moves out of view.
HP[+2]
You regained 2 hp, and now have 78/80 hp.
The killer bee buzzes angrily.
You block the killer bee's attack. The wight hits you with a +0 mace!
The killer bee stings you.
You are poisoned.
The killer bee poisons you!
The water moccasin completely misses you.
A killer bee comes into view.
There is a staircase to the Ecumenical Temple, spattered with blood here.
HP[-13]
You take 13 damage, and now have 65/80 hp.
Unknown command.
You feel sick. The killer bee barely misses you.
The killer bee closely misses you. The water moccasin bites you.
You are more poisoned.
The water moccasin poisons you! You block the wight's attack.
The killer bee stings you!
You are more poisoned.
The killer bee poisons you! The killer bee stings you.
You are more poisoned.
The killer bee poisons you!
You climb downwards.
Welcome to the Ecumenical Temple!
You feel very sick.
Found fifteen altars.
There is a staircase back to the Dungeon here.
HP[-21]
You take 21 damage, and now have 44/80 hp.
MASSIVE DAMAGE!! (PAUSE)
You feel better. The killer bee barely misses you. The killer bee stings you.
The water moccasin misses you. The wight misses you.
The killer bee closely misses you. The killer bee completely misses you.
You block the water moccasin's attack.
HP[+4]
You regained 4 hp, and now have 48/80 hp.
You feel very mighty all of a sudden.
You block the killer bee's attack. x2; The wight hits you with a +0 mace!
The water moccasin bites you.
You are poisoned.
The water moccasin poisons you! The killer bee closely misses you.
The killer bee misses you.
HP[-7]
You take 7 damage, and now have 41/80 hp.
You barely miss the water moccasin.
You feel very sick.
The killer bee closely misses you. x2; The water moccasin bites you.
* * * LOW HITPOINT WARNING * * *
The wight hits you with a +0 mace!
* * * LOW HITPOINT WARNING * * *
The killer bee closely misses you. x2; The water moccasin closely misses you.
HP[-16]
You take 16 damage, and now have 25/80 hp.
You claw the water moccasin!
You feel sick. The killer bee barely misses you. The killer bee stings you.
* * * LOW HITPOINT WARNING * * *
The wight misses you. You block the water moccasin's attack.
The killer bee barely misses you. The killer bee stings you.
* * * LOW HITPOINT WARNING * * *
HP[-6]
You take 6 damage, and now have 19/80 hp.
You barely miss the water moccasin.
You feel sick. The killer bee misses you. You block the killer bee's attack.
The water moccasin misses you. The wight hits you with a +0 mace!
* * * LOW HITPOINT WARNING * * *
You block the killer bee's attack. x2
The water moccasin bites you but does no damage.
HP[-10]
You take 10 damage, and now have 9/80 hp.
You miss the water moccasin.
You feel sick. The killer bee misses you. The killer bee stings you.
* * * LOW HITPOINT WARNING * * *
You are more poisoned.
The killer bee poisons you! The wight barely misses you.
You block the killer bee's attack. The killer bee stings you.
* * * LOW HITPOINT WARNING * * *
You block the water moccasin's attack.
HP[-7]
You take 7 damage, and now have 2/80 hp.
You feel better. You block the killer bee's attack. x2
The water moccasin misses you. The wight hits you with a +0 mace.
* * * LOW HITPOINT WARNING * * *
You feel drained. The killer bee misses you. x2
HP[+3]
You now have 78 max hp (-2).
You regained 3 hp, and now have 5/78 hp.
Aiming: Mindburst
Press: ? - help, Q - select action Shift-Dir - straight line, f - killer bee
Aim: a killer bee (chance to affect: 72%)
The killer bee struggles to resist.
The killer bee closely misses you. You block the killer bee's attack.
The water moccasin bites you.
* * * LOW HITPOINT WARNING * * *
You are lethally poisoned!
The water moccasin poisons you! The wight closely misses you.
The killer bee stings you.
You die...

Skill      XL: |  1  2  3  4  5  6  7  8 |
---------------+-------------------------+-----
Unarmed Combat | 3 4 5 6 |  6.0
Shields        | 3 4 5 |  5.5
Throwing       | 1 2 3 4 |  4.6
Fighting       | 3 4 5 |  5.0
Dodging        | |  2.4

Action                   |  1- 3 |  4- 6 |  7- 9 || total
-------------------------+-------+-------+-------++-------
Melee: Unarmed           |    81 |   139 |   125 ||   345
Evoke: Wand              |       |       |     1 ||     1
  Use: Potion            |       |       |     3 ||     3
 Stab: Sleeping          |     1 |     1 |       ||     2
Armor: Robe              |    24 |    35 |    10 ||    69
Dodge: Dodged            |    26 |    91 |    98 ||   215
Block: Kite shield       |    27 |    49 |    55 ||   131

Levels and vault maps discovered:
D:1:      lightli_arrival_statuegarden, layout_basic, serial_shops,
          nicolae_shop_trees, shapermc_ecumenical_altar_mp_ritualfount
D:2:      layout_basic, uniq_jessica
D:3:      minmay_door_path, layout_rooms, worldfamousw_hep_ancestral_shrine,
          nicolae_uskayaw_dance_hall
D:4:      layout_rooms, uniq_menkaure
D:5:      layout_layer_cave, nicolae_overflow_crystal_walls
D:6:      layout_layer_cave, fiery_altar_vehumet, mainiacjoe_overflow_paths
D:7:      layout_rooms, mainiacjoe_overflow_cross_hatched,
          minmay_temple_entry_large_hall, interstate_on_off, patterned_corridor
Temple:   nicolae_temple_no_exploring_needed

Notes
Turn   | Place    | Note
-------+----------+-------------------------------------------
     0 | D:1      | zeratav the Troll Fighter began the quest for the Orb.
     0 | D:1      | Reached XP level 1. HP: 22/22 MP: 0/0
     0 | D:1      | magus.rc [v1.9.6]
   272 | D:1      | You pick up a book of Flames and begin reading...
   272 | D:1      | You add the spells Foxfire, Conjure Flame, Inner Flame and
                  | Flame Wave to your library.
   362 | D:1      | Reached XP level 2. HP: 29/29 MP: 1/1
   417 | D:1      | Reached skill level 3 in Unarmed Combat
   473 | D:1      | Found Itaolommy's Distillery.
   589 | D:1      | You pick up a book of Displacement and begin reading...
   589 | D:1      | You add the spells Lesser Beckoning, Gell's Gravitas and
                  | Teleport Other to your library.
   598 | D:1      | Found a faded altar of an unknown god.
   868 | D:2      | Reached XP level 3. HP: 36/36 MP: 2/2
   904 | D:2      | You fall into a shaft and drop 1 floor!
  1003 | D:2      | Reached skill level 3 in Shields
  1120 | D:2      | Noticed Jessica
  1124 | D:2      | Killed Jessica
  1125 | D:2      | Reached skill level 1 in Throwing
  1125 | D:2      | Reached XP level 4. HP: 42/44 MP: 3/3
  1763 | D:3      | Reached skill level 3 in Fighting
  1763 | D:3      | Reached XP level 5. HP: 34/53 MP: 4/4
  1794 | D:3      | Found a hide-covered altar of Uskayaw.
  2128 | D:3      | Found a hazy altar of Hepliaklqana.
  2255 | D:1      | Bought a potion of curing for 39 gold pieces
  2291 | D:4      | Reached skill level 2 in Throwing
  2416 | D:4      | Reached skill level 4 in Unarmed Combat
  2416 | D:4      | Reached XP level 6. HP: 42/61 MP: 5/5
  2508 | D:4      | Noticed Menkaure
  2514 | D:4      | Killed Menkaure
  2632 | D:4      | Reached skill level 4 in Shields
  2804 | D:5      | Entered Level 5 of the Dungeon
  3064 | D:5      | Noticed an ice beast
  3072 | D:5      | Killed an ice beast
  3073 | D:5      | Reached skill level 3 in Throwing
  3073 | D:5      | Reached XP level 7. HP: 58/68 MP: 6/6
  3157 | D:5      | Reached skill level 4 in Fighting
  3248 | D:5      | Found a glowing silver altar of Zin.
  3263 | D:5      | Reached skill level 5 in Unarmed Combat
  3707 | D:6      | Reached XP level 8. HP: 79/79 MP: 7/7
  3941 | D:6      | Found a basalt altar of Yredelemnul.
  4017 | D:6      | Reached skill level 4 in Throwing
  4017 | D:6      | Reached skill level 5 in Shields
  4424 | D:6      | Found a radiant altar of Vehumet.
  4796 | D:7      | Found a staircase to the Ecumenical Temple.
  4800 | D:7      | Reached skill level 6 in Unarmed Combat
  4806 | D:7      | Reached skill level 5 in Fighting
  4811 | Temple   | Entered the Ecumenical Temple
  4815 | Temple   | HP: 20/80 [killer bee (5)]
  4816 | Temple   | HP: 9/80 [wight/+0 mace (9)]
  4817 | Temple   | HP: 2/80 [killer bee (4)]
  4819 | Temple   | Slain by a killer bee

Vanquished Creatures
  Menkaure (D:4)
  3 ice beasts
  A black bear (D:6)
  An ogre (D:5)
  A kobold brigand (D:7)
  A bullfrog (D:4)
  A necrophage (D:6)
  2 wights (D:7)
  3 jellies
  4 hounds
  2 orc priests (D:6)
  Jessica (D:2)
  4 iguanas
  An orc wizard (D:3)
  7 gnolls
  9 adders
  3 shadow imps
  A white imp (D:6)
  2 ufetubi (D:5)
  A worm (D:4)
  2 dart slugs
  7 orcs
  6 ball pythons
  5 endoplasms
  4 giant cockroaches
  6 hobgoblins
  8 kobolds
  4 quokkas
  4 bats
  2 frilled lizards
  2 goblins
  3 rats
102 creatures vanquished.

Table legend:
 A = Non-vault XP
 B = Vault XP
 C = Vault XP percentage of total XP
 D = Non-vault monster count
 E = Vault monster count
 F = Vault count percentage of total count
                 A         B        C        D         E       F
            +---------+---------+-------+---------+---------+-------
      Total |    2019 |     207 |   9.3 |      99 |       3 |   2.9
            +---------+---------+-------+---------+---------+-------
        D:1 |      27 |       0 |   0.0 |      15 |       0 |   0.0
        D:2 |      48 |      37 |  43.5 |       8 |       1 |  11.1
        D:3 |     125 |       1 |   0.8 |      18 |       1 |   5.3
        D:4 |     202 |     169 |  45.6 |      18 |       1 |   5.3
        D:5 |     480 |       0 |   0.0 |      12 |       0 |   0.0
        D:6 |     650 |       0 |   0.0 |      16 |       0 |   0.0
        D:7 |     487 |       0 |   0.0 |      12 |       0 |   0.0
            +---------+---------+-------+---------+---------+-------

Illustrated notes

Table legend:
 A = Kills in this place as a percentage of kills in entire the game.
 B = Kills by you in this place as a percentage of kills by you in the entire game.
 C = Kills by friends in this place as a percentage of kills by friends in the entire game.
 D = Other kills in this place as a percentage of other kills in the entire game.
 E = Experience gained in this place as a percentage of experience gained in the entire game.
 F = Experience gained in this place divided by the number of levels of this place that you have seen.
                   A       B       C       D       E      F
               +-------+-------+-------+-------+-------+----------------------
         Total | 100.0 | 100.0 |   N/A |   N/A | 100.0 | 278.2
       Dungeon | 100.0 | 100.0 |   N/A |   N/A | 100.0 | 318.0
               +-------+-------+-------+-------+-------+----------------------

Table legend: (Time is in decaauts)
 A = Elapsed time spent in this place.
 B = Non-inter-level travel time spent in this place.
 C = Inter-level travel time spent in this place.
 D = Time resting spent in this place.
 E = Time spent auto-exploring this place.
 F = Levels seen in this place.
 G = Mean time per level.
                   A        B        C        D        E       F      G
               +--------+--------+--------+--------+--------+-----+--------+
         Total |   4836 |   4562 |    274 |      0 |   3803 |   8 |  604.5 |
       Dungeon |   4828 |   4554 |    274 |      0 |   3803 |   7 |  689.7 |
        Temple |      7 |      7 |      0 |      0 |      0 |   1 |    7.0 |
               +--------+--------+--------+--------+--------+-----+--------+

Top non-repeatable levels by time:
     D:6: 1203 daAuts
     D:1: 823 daAuts
     D:2: 744 daAuts
     D:3: 688 daAuts
     D:5: 651 daAuts
     D:4: 562 daAuts
     D:7: 155 daAuts
  Temple: 7 daAuts
